 Dungeon Crawl Stone Soup version 0.21.1-1-g345015fe64 (webtiles) character file.

74 BrokenGlass the Sneak (level 4, -2/23 HPs)
             Began as a Vine Stalker Assassin on Mar 28, 2018.
             Slain by Natasha (7 damage)
             ... on level 2 of the Dungeon.
             The game lasted 00:01:52 (961 turns).

BrokenGlass the Sneak (Vine Stalker Assassin)        Turns: 961, Time: 00:01:52

Health: -2/23      AC:  3    Str: 18    XL:     4   Next: 28%
Magic:  0/7        EV: 11    Int: 11    God:
Gold:   83         SH:  0    Dex: 15    Spells: 5/5 levels left

rFire    . . .     SeeInvis .   b - +0 blowgun
rCold    . . .     Gourm    .   (no shield)
rNeg     . . .     Faith    .   c - +0 robe
rPois    .         Spirit   +   (no helmet)
rElec    .         Reflect  .   d - +0 cloak
rCorr    .         Harm     .   (no gloves)
MR       .....                  (no boots)
Stlth    +++.......             (no amulet)
HPRegen  0.47/turn              o - +3 ring of strength
MPRegen  0.10/turn              (no ring)

@: heavily drained
A: fangs 2, regeneration 1, magic shield, antimagic bite, no potion heal 3, rot
immunity
a: no special abilities


You were on level 2 of the Dungeon.
You were not hungry.

You visited 1 branch of the dungeon, and saw 2 of its levels.

You collected 83 gold pieces.

Inventory:

Hand Weapons
 a - a +2 dagger
 b - a +0 blowgun (weapon)
Missiles
 e - 7 poisoned needles (quivered)
 l - 27 bolts
Armour
 c - a +0 robe (worn)
 d - a +0 cloak (worn)
Jewellery
 n - an uncursed ring of fire
 o - a +3 ring of strength (left hand)
Scrolls
 h - a scroll of immolation {unknown}
 i - 3 scrolls of magic mapping {unknown}
 j - a scroll of fear {unknown}
 k - 3 scrolls of identify {unknown}
 p - a scroll of remove curse {unknown}
Potions
 m - a potion of agility {unknown}
Comestibles
 g - 4 rations


   Skills:
 * Level 2.7(1.5) Fighting
 + Level 2.2(1.0) Short Blades
 - Level 1.7(0.6) Throwing
 - Level 0.7(0.0) Dodging
 * Level 5.7(4.4) Stealth
 + Level 1.3(0.2) Spellcasting


You had 5 spell levels left.
You didn't know any spells.

Dungeon Overview and Level Annotations

Branches:
Dungeon (2/15)

Altars:

Annotations:
D:2 Natasha


Innate Abilities, Weirdness & Mutations

You have extremely sharp teeth.
Your natural rate of healing is unusually fast.
When hurt, damage is shared between your health and your magic reserves.
Your bite disrupts and absorbs the magic of your enemies.
Potions cannot restore your health.
You are immune to rotting.


Message History

The crimson imp blinks!
Firing (i - inventory. (,) - cycle):
f - 2 curare-tipped needles (quivered)
Press: ? - help, Shift-Dir - straight line, f - Natasha
Aim: Natasha (translocational energy)
You shoot a curare-tipped needle.
The curare-tipped needle closely misses Natasha.
Firing (i - inventory. (,) - cycle):
f - a curare-tipped needle (quivered)
Press: ? - help, Shift-Dir - straight line, f/p - Natasha
Aim: Natasha You shoot a curare-tipped needle.
The curare-tipped needle barely misses Natasha.
Natasha claws you!
* * * LOW HITPOINT WARNING * * *
Unknown command.
Firing (i - inventory):
e - 8 poisoned needles (quivered)
Press: ? - help, Shift-Dir - straight line, f/p - Natasha
Aim: Natasha You shoot a poisoned needle.
The poisoned needle hits Natasha.
Natasha is poisoned.
Natasha claws you!
You die...

#..##.#....##.#.........
#.# #...................
#####.#.............
###...##g.........
#....55..g........
#...#####...########
#.## ####5(.# ..
##.hg5..# .# #. #
#.@####.# . ?
....##..#.#..# #
#......#.#.## #####
###...####..# ###....
##........####......
......###...##......
##....######.........
##.### #............ ..
....#####......


You could see an iron imp, Natasha, a crimson imp and a goblin.

Vanquished Creatures
  Natasha (D:2)
  2 oozes (D:1)
  A worm (D:2)
  3 dart slugs (D:1)
  2 giant cockroaches
  5 goblins (D:1)
  A hobgoblin (D:1)
  5 bats (D:1)
  4 frilled lizards
  7 kobolds
31 creatures vanquished.

Notes
Turn   | Place    | Note
-------+----------+-------------------------------------------
     0 | D:1      | BrokenGlass the Vine Stalker Assassin began the quest for the Orb.
     0 | D:1      | Reached XP level 1. HP: 11/11 MP: 2/2
    27 | D:1      | Reached skill level 5 in Stealth
    27 | D:1      | Reached XP level 2. HP: 11/15 MP: 1/3
   525 | D:1      | Reached XP level 3. HP: 18/18 MP: 5/5
   544 | D:1      | Reached skill level 1 in Spellcasting
   877 | D:2      | Noticed Natasha
   889 | D:2      | Killed Natasha
   889 | D:2      | Gained mutation: Your natural rate of healing is unusually fast. [Vine Stalker growth]
   889 | D:2      | Reached XP level 4. HP: 6/23 MP: 2/7
   894 | D:2      | Noticed Natasha
   961 | D:2      | Slain by Natasha

Skill      XL: |  1  2  3 |
---------------+----------+-----
Fighting       | 2 |  2.7
Stealth        | 5 |  5.7
Short Blades   | 2 |  2.2
Spellcasting   | 1 |  1.3
Throwing       | |  1.7
Dodging        | |  0.7

Action                   |  1- 3 |  4- 6 || total
-------------------------+-------+-------++-------
Melee: Dagger            |    89 |       ||    89
       Bite              |    17 |       ||    17
 Fire: Blowgun           |       |     3 ||     3
 Stab: Sleeping          |     7 |       ||     7
       Distracted        |     1 |       ||     1
Armor: Robe              |    17 |     1 ||    18
Dodge: Dodged            |    30 |     2 ||    32
